 Dungeon Crawl Stone Soup version 0.31-a0-1074-g0b22e4e0f1 (webtiles) character file.

Game seed: 10922134661482626093

51 LeprechaunX the Changeling (level 3, -1/24 HPs)
             Began as an Octopode Shapeshifter on Nov 27, 2023.
             Succumbed to Sigmund's poison
             ... on level 2 of the Dungeon.
             The game lasted 00:01:46 (911 turns).

LeprechaunX the Changeling (Octopode Shapeshifter)   Turns: 911, Time: 00:01:47

Health: -1/24      AC:  1    Str: 13    XL:     3   Next: 83%
Magic:  3/3        EV: 13    Int: 12    God:
Gold:   30         SH:  0    Dex: 13    Spells: 0/2 levels left

rFire   + .          .
                       - Unarmed
rCold   . . .        (no shield)
rNeg    . . .        (helmet currently unavailable)
rPois   .            (no amulet)
rElec   .            d - ring of protection from fire
rCorr   .            (no ring)
SInv    .            (no ring)
Will    .....        (no ring)
Stlth   ++           (no ring)
HPRegen 0.24/turn    (no ring)
MPRegen 0.08/turn    (no ring)
                     (no ring)

%: no passive effects
@: lethally poisoned (-1 -> -12), beast-form
A: beast (slay +2), almost no armour, amphibious, 8 rings, camouflage 1,
gelatinous body 1, (nimble swimmer 1), tentacles
a: Begin Untransformation


You were on level 2 of the Dungeon.
You were a hulking beast.
You visited 1 branch of the dungeon, and saw 2 of its levels.

You collected 30 gold pieces.

Inventory:

Hand Weapons
 a - a +0 sling
Jewellery
 d - a ring of protection from fire (left tentacle)
Talismans
 b - a beast talisman
 c - a flux talisman
Scrolls
 e - a scroll of silence {unknown}
 f - 3 scrolls of identify {unknown}
 g - a scroll of fear {unknown}
 h - a scroll of butterflies {unknown}
Potions
 i - a potion of curing {unknown}
 j - 2 potions of lignification


   Skills:
 + Level 1.7 Fighting
 - Level 2.0 Dodging
 + Level 3.3 Unarmed Combat
 + Level 0.3 Spellcasting
 + Level 0.2 Conjurations
 * Level 3.7 Shapeshifting


You couldn't memorise any spells.
You knew the following spells:

 Your Spells              Type           Power      Damage    Failure   Level
a - Static Discharge      Conj/Air       0%         3-3/arc   43%         2

Your spell library contained the following spells:

 Spells                   Type           Power      Damage    Failure   Level
 Airstrike                Air            0%         2d(0-16)  97%         4
 Brom's Barrelling Bould  Conj/Erth      0%         2d3       97%         4
 Summon Lightning Spire   Summ/Air       0%         N/A       97%         4
 Fireball                 Conj/Fire      0%         3d3       100%        5
 Iskenderun's Battlesphe  Conj           0%         2d6       100%        5
 Conjure Ball Lightning   Conj/Air       0%         3x3d6     100%        6
 Orb of Destruction       Conj           0%         9d5       100%        7


Dungeon Overview and Level Annotations

Branches:
Dungeon (2/15)

Altars:


Innate Abilities, Weirdness & Mutations

You are a hulking beast.
Your limbs bulge with bestial killing power. (Slay +2)
You cannot wear most types of armour.
You are amphibious.
You can wear up to eight rings at the same time.
Your skin changes colour to match your surroundings (Stealth+).
Your rubbery body absorbs attacks. (AC +1, EV +1)
((You are camouflaged when in or above water. (Stealth+)))
You have tentacles for arms and can constrict up to eight enemies at once.


Message History

The bat misses you.
You closely miss the bat. Your grab misses the bat.
The bat completely misses you.
You barely miss the bat. You grab the bat. You squeeze the bat.
You kill the bat!
No target in view!
You now have 30 gold pieces (gained 13).
You open the door.
Found a ring mail.
There is an open door here.
You see here a +0 ring mail.
Sigmund the Dreaded comes into view.
He is wielding a +3 scythe of venom.
Found a scroll labelled KUOMIK JOTYVOT.
Sigmund is nearby!
Sigmund is nearby!
Sigmund is nearby!
Found a marble ring.
Casting: Static Discharge (quite dangerous; 43% risk of failure)
Confirm with . or Enter, or press ? or * to list all spells.
Okay, then.
The helpless Sigmund fails to defend himself.
You bludgeon Sigmund! You grab Sigmund.
Sigmund is moderately wounded.
You constrict Sigmund.
Sigmund hits you with a +3 scythe of venom!
Ouch! That really hurt!
You are lethally poisoned!
You tentacle-slap Sigmund. You squeeze Sigmund.
Sigmund is severely wounded.
You constrict Sigmund, but do no damage.
* * * LOW HITPOINT WARNING * * *
You feel very sick.
You tentacle-slap Sigmund.
Sigmund is severely wounded.
You constrict Sigmund, but do no damage.
* * * LOW HITPOINT WARNING * * *
You feel very sick. Sigmund misses you.
You tentacle-slap Sigmund. You squeeze Sigmund!
You kill Sigmund!
You die...

#....# #....#
##########....#
#.............#
#.............#
####.............#
#...........#....#
####..)...#....#.[..# #
.......h.........#'## #
####..?...########.# #
...................#####
........................
........=..##########...
####...##... #... ###.
#...# #... #. ....# #...
#...


There were no monsters in sight!

Vanquished Creatures
  Sigmund (D:2)
  A dart slug (D:1)
  3 bats
  5 endoplasms
  10 giant cockroaches
  2 hobgoblins (D:1)
  4 kobolds
  2 quokkas (D:1)
  A ball python (D:1)
  4 frilled lizards
  6 goblins (D:1)
  4 rats
43 creatures vanquished.

Notes
Turn   | Place    | Note
-------+----------+-------------------------------------------
     0 | D:1      | LeprechaunX the Octopode Shapeshifter began the quest for
                  | the Orb.
     0 | D:1      | Reached XP level 1. HP: 13/13 MP: 1/1
    76 | D:1      | Reached XP level 2. HP: 18/18 MP: 2/2
   306 | D:1      | Reached XP level 3. HP: 18/23 MP: 3/3
   638 | D:1      | Learned a level 2 spell: Static Discharge
   901 | D:2      | Noticed Sigmund
   911 | D:2      | Killed Sigmund
   911 | D:2      | Succumbed to Sigmund's poison

Illustrated notes

Levels and vault maps discovered:
D:1:      wander_arrival_fairy_ring, layout_basic, due_unseen_surprise
D:2:      minmay_roachtagon, layout_basic, uniq_sigmund

Action                     || total
---------------------------++-------
  Melee: Unarmed           ||    77
         Tentacles         ||    22
         Constrict         ||    19
         Punch             ||     1
   Stab: Sleeping          ||     9
 Armour: Skin              ||    26
  Dodge: Dodged            ||    38

Table legend: (Time is in decaauts)
 A = Elapsed time spent in this place.
 B = Non-inter-level travel time spent in this place.
 C = Inter-level travel time spent in this place.
 D = Time resting spent in this place.
 E = Time spent auto-exploring this place.
 F = Levels seen in this place.
 G = Mean time per level.
                   A        B        C        D        E       F      G
               +--------+--------+--------+--------+--------+-----+--------+
         Total |    904 |    878 |     26 |      0 |    672 |   2 |  452.0 |
       Dungeon |    904 |    878 |     26 |      0 |    672 |   2 |  452.0 |
               +--------+--------+--------+--------+--------+-----+--------+

Top non-repeatable levels by time:
     D:1: 660 daAuts
     D:2: 243 daAuts
